 Dungeon Crawl Stone Soup version 0.21-a0-270-g8204059 (webtiles) character file.

33325 4thArraOfDagon the Carver (level 13, -2/74 HPs)
             Began as an Octopode Enchanter on Sept 14, 2017.
             Was an Elder of Hepliaklqana.
             Killed from afar by an orc wizard (3 damage)
             ... with a magic dart
             ... on level 2 of the Orcish Mines.
             The game lasted 01:11:43 (10909 turns).

4thArraOfDagon the Carver (Octopode Enchanter)     Turns: 10909, Time: 01:11:44

Health: -2/74      AC:  5    Str:  8    XL:     13   Next: 70%
Magic:  34/34      EV: 17    Int: 21    God:    Hepliaklqana [****..]
Gold:   1217       SH: 12    Dex: 15    Spells: 14/28 levels left

rFire    . . .     SeeInvis +   z - +4 scimitar (flame)
rCold    + . .     Gourm    .   e - +1 buckler {rPois}
rNeg     . . .     Faith    .   I - +2 hat
rPois    +         Spirit   .   U - +6 amulet of reflection
rElec    .         Reflect  +   P - ring of magical power
rCorr    .         Harm     .   (no ring)
MR       .....                  (no ring)
Stlth    ++++......             (no ring)
HPRegen  0.22/turn              (no ring)
MPRegen  0.24/turn              (no ring)
                                (no ring)
                                (no ring)

@: about to teleport
A: almost no armour, stealthy swim, amphibious, 8 rings, constrict 8, reduced
essence, tentacle spike 2, slimy green scales 1, camouflage 1, see invisible,
agile 1, cold resistance 1, screaming 1, gelatinous body 1
a: Recall Ancestor, Ancestor Identity, Transference, Idealise, Renounce Religion


You were on level 2 of the Orcish Mines.
You worshipped Hepliaklqana.
Hepliaklqana was greatly pleased with you.
You were not hungry.

You visited 2 branches of the dungeon, and saw 16 of its levels.
You also visited: Bailey.

You collected 3193 gold pieces.
You spent 1976 gold pieces at shops.

Inventory:

Hand Weapons
 a - a +2 dagger
 x - a +3 dagger of venom
 z - a +4 scimitar of flaming (weapon)
 F - a +0 great sword
 H - a +0 falchion
 J - a +0 scimitar
Missiles
 C - 6 exploding tomahawks (quivered)
 R - 2 throwing nets
Armour
 e - a +1 buckler of poison resistance (worn)
 I - a +2 hat (worn)
Jewellery
 f - an uncursed ring of fire
 M - an uncursed ring of fire
 P - a ring of magical power (left tentacle)
 U - a +6 amulet of reflection (around mantle)
Wands
 h - a wand of acid (6/15)
 i - a wand of digging (2/24)
 k - a wand of acid (7/15)
 l - a wand of random effects (5/48)
 m - a wand of clouds (4/9)
 B - a wand of confusion (26/48)
 D - a wand of lightning (4/15)
Scrolls
 g - 7 scrolls of magic mapping
 o - a scroll of amnesia
 p - 9 scrolls of remove curse
 q - 3 scrolls of enchant weapon
 s - 5 scrolls of immolation
 w - 2 scrolls of fear
 y - 3 scrolls of enchant armour
 O - 8 scrolls of teleportation
 W - a scroll of vulnerability
Potions
 n - 2 potions of might
 r - a potion of haste
 u - 2 potions of ambrosia
 v - 3 potions of flight
 A - a potion of berserk rage
 E - a potion of curing
 G - a potion of mutation
 L - a potion of brilliance {unknown}
 S - 2 potions of resistance
Books
 b - a book of Maledictions

   Spells                             Type                      Level
   a - Corona                         Hexes                        1
   b - Ensorcelled Hibernation        Hexes/Ice                    2
   c - Confuse                        Hexes                        3
   d - Tukima's Dance                 Hexes                        3
   e - Dazzling Spray                 Conjuration/Hexes            3
 d - a book of Cantrips

   Spells                             Type                      Level
   a - Confusing Touch                Hexes                        1
   b - Animate Skeleton               Necromancy                   1
   c - Summon Small Mammal            Summoning                    1
   d - Apportation                    Translocation                1
 Q - a book of Fire

   Spells                             Type                      Level
   a - Ignite Poison                  Fire/Transmutation/Poison    3
   b - Fireball                       Conjuration/Fire             5
   c - Bolt of Fire                   Conjuration/Fire             6
   d - Ring of Flames                 Charms/Fire                  7
   e - Ignition                       Fire                         8
Miscellaneous
 T - a box of beasts
 V - a lamp of fire
Comestibles
 c - 11 bread rations
 j - 7 meat rations


   Skills:
 - Level 6.2 Fighting
 - Level 5.1(10.0) Short Blades
 * Level 13.0(13.4) Long Blades
 - Level 7.0 Dodging
 - Level 4.0 Stealth
 - Level 4.0 Shields
 * Level 8.0 Spellcasting
 * Level 8.0 Conjurations
 - Level 4.0 Hexes
 * Level 8.4 Fire Magic
 - Level 4.3 Invocations
 - Level 2.1 Evocations


You had 14 spell levels left.
You knew the following spells:

 Your Spells              Type           Power        Failure   Level  Hunger
a - Corona                Hex            ####...      1%          1    None
b - Ensorcelled Hibernat  Hex/Ice        ###...       5%          2    None
c - Confuse               Hex            ####....     4%          3    None
d - Apportation           Tloc           #.....       8%          1    None
e - Animate Skeleton      Necr           N/A          8%          1    None
f - Bolt of Fire          Conj/Fire      #####.....   38%         6    ######.


Dungeon Overview and Level Annotations

Branches:
Dungeon (14/15)            Temple (0/1) D:7            Lair (0/6) D:9
    Orc (2/2) D:12         Vaults (0/5) D:14
    Elf: Orc:2

Altars:
Ashenzari
Fedhas
Hepliaklqana
Nemelex Xobeh
Okawaru
Qazlal
Yredelemnul
Zin

Shops:
D:6 }   D:9 *   D:13 [[?%   Orc:2 ?}*=[

Annotations:
D:9 Grum
D:14 Urug


Innate Abilities, Weirdness & Mutations

You cannot wear most types of armour.
You are very stealthy in the water. (Stealth+)
You are amphibious.
You can wear up to eight rings at the same time.
You can use your tentacles to constrict eight enemies at once.
Your skin changes colour to match your surroundings (Stealth+).
Your rubbery body absorbs attacks. (AC +1, EV +1)
Your life essence is reduced to manifest your ancestor. (-10% HP)
One of your tentacles bears a nasty spike.
You are partially covered in slimy green scales. (AC +2)
You have supernaturally acute eyesight. (SInv)
You are agile. (Dex +2)
Your flesh is cold resistant. (rC+)
You occasionally shout uncontrollably at your foes.


Message History

Unknown command.
Unknown command.
Unknown command.
You block the orc wizard's attack.
The orc warrior throws a tomahawk.
The tomahawk barely misses you. The orc hits you with a war axe!
* * * LOW HITPOINT WARNING * * *
You see here a tomahawk.
Unknown command.
Unknown command.
Unknown command.
You feel better. You block the orc wizard's attack.
Unknown command.
You hit the orc wizard. You burn the orc wizard.
Your grab misses the orc wizard. You squeeze the orc wizard.
The orc wizard is severely wounded.
The centaur shoots an arrow.
The arrow hits you!
* * * LOW HITPOINT WARNING * * *
The orc wizard points at you and mumbles some strange words.
The magic dart hits you!
You die...

......... .........
...##
.##.........#...#
##
............#......
............##..#.
.......o....# ...
............. #o#
........o##.###o##
......#......#oo@#
..........)...#..##
..............c...#
#................##
o.....o#...###
......o...##
.........##
.........#
.o........


You could see an orc warrior, a centaur, 2 orc priests, 2 orc wizards and an
orc.

Vanquished Creatures
  2 ettins (Orc:1)
  Josephine (D:12)
  Harold (D:11)
  Erolcha (D:9)
  2 hydras
  2 centaur warriors
  A two-headed ogre (D:11)
  5 orc knights
  2 orc sorcerers (Orc:1)
  A deep elf mage (D:14)
  Pikel (D:7)
  2 cyclopes
  3 centaur zombies
  A kobold demonologist (D:13)
  An efreet (D:13)
  A merfolk (D:9)
  6 trolls
  A hippogriff (D:8)
  A water elemental (D:13)
  A shadow (D:11)
  4 wraiths (D:12)
  2 yaks (D:13)
  2 hungry ghosts
  Eustachio (D:6)
  A basilisk (D:13)
  Menkaure (D:7)
  A warg (Orc:1)
  An acid dragon (D:11)
  A soldier ant (D:13)
  2 hell hounds (D:9)
  A slave (D:7)
  3 ice beasts
  24 orc warriors
  3 sky beasts
  3 phantoms
  3 ogres
  14 centaurs
  A crocodile (D:11)
  2 gnoll sergeants (D:6)
  4 bullfrogs
  A wyvern skeleton (D:13)
  Dowan (D:7)
  2 scorpions
  3 howler monkeys
  3 electric eels (D:13)
  5 wights (D:6)
  A knight (D:13)
  5 crimson imps
  2 jellies
  2 hounds
  16 orc wizards
  A centaur skeleton (D:4)
  12 orc priests
  A bullfrog skeleton (D:11)
  Jessica (D:3)
  2 iguanas (D:5)
  3 worker ants
  A hound zombie (D:5)
  3 gnolls
  A worker ant zombie (D:6)
  15 adders
  2 shadow imps
  8 oozes
  An adder zombie (D:5)
  An adder skeleton (D:4)
  2 dart slugs (D:1)
  3 leopard geckos
  60 orcs
  2 ball pythons
  6 bats
  8 giant cockroaches
  7 goblins
  3 hobgoblins
  2 jackals
  A quokka (D:4)
  4 frilled lizards
  13 kobolds
  A quokka zombie (D:5)
  7 rats
322 creatures vanquished.

Vanquished Creatures (collateral kills)
  4 two-headed ogres
  An orc knight (Orc:2)
  A wizard (D:13)
  A deep elf mage (D:13)
  An ugly thing (D:11)
  An orc sorcerer (Orc:2)
  2 cyclopes
  2 trolls
  A hornet (D:7)
  A hippogriff (D:12)
  4 yaks (D:13)
  A wraith (D:12)
  A soldier ant (D:13)
  An acid dragon (D:13)
  Duvessa (D:7)
  10 orc warriors
  A sky beast (D:9)
  2 centaurs
  3 ogres
  The ghost of 4thArraOfDagon the Sneak, an amateur OpEn (D:3)
  A bullfrog (D:9)
  A big kobold (D:13)
  A scorpion (D:10)
  4 killer bees (D:11)
  A howler monkey (D:11)
  A wight (D:6)
  An electric eel (D:13)
  An orc priest (Orc:1)
  A bullfrog zombie (D:10)
  3 bullfrog skeletons
  3 orc wizards
  A worker ant (D:12)
  A hound zombie (D:7)
  4 gnolls
  2 adders
  3 shadow imps
  An ooze (D:3)
  17 orcs
  2 giant cockroaches (D:3)
  4 jackals (D:11)
  2 kobolds
  A jackal skeleton (D:6)
96 creatures vanquished.

Vanquished Creatures (others)
  6 knights
  An ancestor (D:4)
  2 orcs (Orc:2)
  13 plants (D:13)
  9 toadstools (D:3)
31 creatures vanquished.

Grand Total: 449 creatures vanquished

Notes
Turn   | Place    | Note
-------+----------+-------------------------------------------
     0 | D:1      | 4thArraOfDagon the Octopode Enchanter began the quest for the Orb.
     0 | D:1      | Reached XP level 1. HP: 11/11 MP: 3/3
    40 | D:1      | Thaneod: hello
    46 | D:1      | Reached XP level 2. HP: 17/17 MP: 5/5
    56 | D:2      | 4thArraOfDagon: hey
    70 | D:2      | Thaneod: two bosses in hell remain:)
   150 | D:2      | 4thArraOfDagon: ok, let me get to temepl
   150 | D:2      | 4thArraOfDagon: tempel
   150 | D:2      | 4thArraOfDagon: temple
   150 | D:2      | 4thArraOfDagon: :)
   150 | D:2      | Thaneod: k
   169 | D:2      | Thaneod: ashra tempel?
   217 | D:3      | Learned a level 2 spell: Ensorcelled Hibernation
   229 | D:2      | Noticed a howler monkey
   232 | D:2      | Killed a howler monkey
   232 | D:2      | Reached XP level 3. HP: 21/21 MP: 3/6
   232 | D:2      | Reached XP level 4. HP: 27/27 MP: 3/7
   248 | D:2      | Learned a level 3 spell: Confuse
   404 | D:4      | 4thArraOfDagon: :)
   419 | D:5      | Entered Level 5 of the Dungeon
   449 | D:5      | Found a glowing silver altar of Zin.
   484 | D:5      | Found a sparkling altar of Nemelex Xobeh.
   530 | D:5      | Learned a level 1 spell: Apportation
   558 | D:6      | Noticed an orc warrior
   558 | D:6      | Noticed an orc warrior
   558 | D:6      | Noticed a gnoll sergeant
   558 | D:6      | 4thArraOfDagon: uhh
   558 | D:6      | Noticed a gnoll sergeant
   572 | D:5      | Noticed an ogre
   638 | D:4      | Thaneod: nice micro
   650 | D:4      | Reached XP level 5. HP: 15/31 MP: 1/8
   733 | D:4      | Reached skill level 5 in Short Blades
   735 | D:4      | 4thArraOfDagon: :)
   842 | D:4      | Thaneod: so 10 minutes? God Fado calls me
   853 | D:4      | Found an iron altar of Okawaru.
   854 | D:4      | 4thArraOfDagon: hmm
   854 | D:4      | 4thArraOfDagon: oka
   854 | D:4      | 4thArraOfDagon: seems ok
   866 | D:4      | 4thArraOfDagon: but
   916 | D:4      | 4thArraOfDagon: but
   954 | D:4      | Reached skill level 1 in Fighting
  1000 | D:4      | Found a hazy altar of Hepliaklqana.
  1001 | D:4      | Found a basalt altar of Yredelemnul.
  1019 | D:4      | Reached XP level 6. HP: 19/41 MP: 6/9
  1024 | D:4      | Became a worshipper of Hepliaklqana the Forgotten
  1221 | D:3      | Noticed Jessica
  1228 | D:3      | Killed Jessica
  1593 | D:1      | Reached * piety under Hepliaklqana
  1971 | D:2      | 4thArraOfDagon: better:)
  1974 | D:2      | Learned a level 1 spell: Animate Skeleton
  2117 | D:3      | Reached XP level 7. HP: 34/43 MP: 10/10
  2257 | D:3      | Noticed 4thArraOfDagon's ghost (amateur OpEn)
  2378 | D:3      | Killed 4thArraOfDagon's ghost
  2405 | D:3      | Reached skill level 5 in Fighting
  2694 | D:5      | Reached ** piety under Hepliaklqana
  2695 | D:5      | Remembered your ancestor Ukla as a knight
  2780 | D:5      | Reached XP level 8. HP: 50/51 MP: 1/11
  2981 | D:6      | Reached skill level 1 in Invocations
  2981 | D:6      | Reached skill level 1 in Evocations
  3035 | D:6      | Reached skill level 5 in Dodging
  3186 | D:6      | Found Zasif's Gadget Emporium.
  3353 | D:6      | Reached skill level 1 in Long Blades
  3372 | D:6      | Reached XP level 9. HP: 55/55 MP: 9/12
  3467 | D:6      | Reached skill level 3 in Long Blades
  3503 | D:6      | Noticed Eustachio
  3510 | D:6      | Killed Eustachio
  3510 | D:6      | Reached skill level 4 in Long Blades
  3586 | D:7      | Noticed a hornet
  3589 | D:7      | Paralysed by a hornet for 1 turns
  3599 | D:7      | Killed a hornet
  3599 | D:7      | Reached skill level 5 in Long Blades
  3725 | D:7      | Noticed Pikel
  3747 | D:7      | Reached *** piety under Hepliaklqana
  3763 | D:7      | Killed Pikel
  3763 | D:7      | Reached skill level 6 in Long Blades
  3799 | D:7      | Found a staircase to the Ecumenical Temple.
  3873 | D:7      | Noticed Menkaure
  3875 | D:7      | Killed Menkaure
  3875 | D:7      | Reached skill level 7 in Long Blades
  3901 | D:7      | 4thArraOfDagon: ok
  3901 | D:7      | 4thArraOfDagon: lets finish
  3901 | D:7      | 4thArraOfDagon: off
  3901 | D:7      | 4thArraOfDagon: lords of hell
  4052 | D:7      | 4thArraOfDagon: zawsze da sie zginac
  4052 | D:7      | 4thArraOfDagon: jak sie poczujesz za pewnie
  4052 | D:7      | 4thArraOfDagon: to wylaczasz myslenie
  4052 | D:7      | 4thArraOfDagon: :)
  4052 | D:7      | 4thArraOfDagon: ja tak mam co chwile
  4166 | D:8      | Thaneod: no to wiem
  4183 | D:8      | Thaneod: dlatego nie lubie jak mam na poczatku dobre itemy
  4221 | D:8      | Found a shattered altar of Ashenzari.
  4225 | D:8      | Found a stormy altar of Qazlal.
  4229 | D:8      | Gained mutation: You are robust. (+10% HP) [mutagenic meat]
  4230 | D:8      | Lost mutation: You are robust. (+10% HP) [mutagenic meat]
  4231 | D:8      | Gained mutation: Your magical capacity is low. (-10% MP) [mutagenic meat]
  4232 | D:8      | Gained mutation: One of your tentacles bears a spike. [mutagenic meat]
  4233 | D:8      | Gained mutation: Your body sometimes deteriorates upon taking damage. [mutagenic meat]
  4234 | D:8      | Thaneod: wtedy aaa wszystko zabije, a potem vault potworow + tab:)
  4234 | D:8      | Gained mutation: You are frail. (-10% HP) [mutagenic meat]
  4236 | D:8      | Found a blossoming altar of Fedhas.
  4266 | D:8      | Thaneod: zresz ciala mutkow?
  4270 | D:8      | Lost mutation: Your magical capacity is low. (-10% MP) [potion of mutation]
  4270 | D:8      | Lost mutation: You are frail. (-10% HP) [potion of mutation]
  4270 | D:8      | Lost mutation: Your body sometimes deteriorates upon taking damage. [potion of mutation]
  4270 | D:8      | Gained mutation: You occasionally shout uncontrollably at your foes. [potion of mutation]
  4270 | D:8      | Gained mutation: You are agile. (Dex +2) [potion of mutation]
  4271 | D:8      | 4thArraOfDagon: ta
  4271 | D:8      | 4thArraOfDagon: lubie sie bawic mutacjami
  4284 | D:8      | 4thArraOfDagon: szczegolnie na poczatku
  4284 | D:8      | 4thArraOfDagon: kiedy i tak masz lipna postac
  4284 | D:8      | 4thArraOfDagon: to juz bardziej jej zlipnic sie nie da :)
  4284 | D:8      | Thaneod: najlepsza jak sie trafi ta co blokuje inne uki
  4310 | D:8      | Thaneod: haha
  4328 | D:8      | Reached skill level 8 in Long Blades
  4329 | D:8      | Thaneod: i tak do gazu idzie i tak
  4445 | D:8      | 4thArraOfDagon: osmiorniczka fajna bo moze 8 ringow :)
  4501 | D:8      | Reached XP level 10. HP: 61/61 MP: 13/13
  4718 | D:9      | Reached skill level 9 in Long Blades
  4801 | D:9      | Gained mutation: You have supernaturally acute eyesight. (SInv) [mutagenic meat]
  4834 | D:9      | Noticed Erolcha
  4836 | D:9      | Thaneod: nom, jak dostaniesz same czarodziejskie to 100 MP + 3 enchantery
  4847 | D:9      | Killed Erolcha
  4847 | D:9      | Reached skill level 10 in Long Blades
  4891 | D:9      | Found Warchaduips's Assorted Antiques.
  4899 | D:9      | Bought a scroll labeled IFEOSI SOAC for 32 gold pieces
  4899 | D:9      | Bought a fuming amethyst potion for 28 gold pieces
  4902 | D:9      | Reached **** piety under Hepliaklqana
  4946 | D:9      | 4thArraOfDagon: hmm
  4972 | D:9      | Thaneod: a jakie combo na czarodzieja na 4 runy jest dobre?
  5007 | D:9      | Thaneod: Defe?
  5007 | D:9      | 4thArraOfDagon: defe
  5024 | D:9      | 4thArraOfDagon: vehumet
  5076 | D:9      | Thaneod: wszystko w int ladowac?
  5106 | D:9      | Gained mutation: Your flesh is cold resistant. (rC+) [mutagenic meat]
  5107 | D:9      | Gained mutation: You are partially covered in slimy green scales. (AC +2) [mutagenic meat]
  5108 | D:9      | Gained mutation: One of your tentacles bears a nasty spike. [mutagenic meat]
  5118 | D:9      | Noticed Grum
  5119 | D:9      | 4thArraOfDagon: :O
  5119 | D:9      | 4thArraOfDagon: patrz
  5119 | D:9      | 4thArraOfDagon: wszystko spi
  5119 | D:9      | 4thArraOfDagon: niema to jak stealth
  5119 | D:9      | 4thArraOfDagon: :))
  5158 | D:9      | Thaneod: a bo bez zbroji
  5158 | D:9      | Thaneod: a dziadek nie halasuje?
  5162 | D:9      | 4thArraOfDagon: jaki dziadek
  5162 | D:9      | 4thArraOfDagon: to nie diablo :)
  5190 | D:9      | Found a staircase to the Lair.
  5203 | D:9      | Thaneod: przodek
  5268 | D:9      | 4thArraOfDagon: aa
  5268 | D:9      | 4thArraOfDagon: nie
  5268 | D:9      | 4thArraOfDagon: w sumie to on dziala jak duch
  5268 | D:9      | 4thArraOfDagon: Ukla
  5269 | D:10     | Entered Level 10 of the Dungeon
  5543 | D:10     | Thaneod: :)
  5598 | D:10     | Thaneod: z muminkow?
  5605 | D:10     | Learned a level 6 spell: Bolt of Fire
  5805 | D:10     | Reached ***** piety under Hepliaklqana
  5915 | D:11     | Noticed a cyclops
  5916 | D:11     | Reached skill level 1 in Conjurations
  5916 | D:11     | Reached skill level 1 in Fire Magic
  5984 | D:11     | Identified a scroll of acquirement
  5985 | D:11     | Thaneod: @dump 4thArraOfDagon
  5992 | D:11     | Thaneod: jak to bylo?
  6001 | D:11     | 4thArraOfDagon: z &
  6028 | D:11     | Thaneod: &dump 4thArraOfDagon
  6031 | D:11     | beem: http://CRAWL.XTAHUA.COM/crawl/morgue/4thArraOfDagon/4thArraOfDagon.txt
  6045 | D:11     | Thaneod: !lg Thaneod
  6047 | D:11     | Killed a cyclops
  6047 | D:11     | beem: 126. Thaneod the Peltast (L18 MiBe of Trog), slain by a two-headed ogre (a +0 giant club) on Vaults:4 (nicolae_vaults_arrows) on 2017-09-14 10:43:21, with 235645 points after 39170 turns and 1:39:06.
  6047 | D:11     | Reached XP level 11. HP: 64/64 MP: 16/16
  6125 | D:11     | Thaneod: !lw Thaneod
  6134 | D:11     | Noticed a cyclops
  6145 | D:11     | Killed a cyclops
  6163 | D:11     | Thaneod: !lg murphy
  6167 | D:11     | beem: 1757. murphy the Devastator (L21 DsFE of Ashenzari), mangled by a white very ugly thing on Depths:1 on 2017-08-29 16:05:56, with 354766 points after 64921 turns and 5:13:12.
  6199 | D:11     | Noticed a two-headed ogre
  6215 | D:11     | Killed a two-headed ogre
  6215 | D:11     | Reached skill level 11 in Long Blades
  6225 | D:11     | Noticed Harold
  6235 | D:11     | Killed Harold
  6271 | D:11     | Noticed a brown ugly thing
  6284 | D:11     | Killed a brown ugly thing
  6394 | D:11     | Found a flagged portal.
  6404 | Bailey   | Entered a bailey
  6404 | Bailey   | Noticed an orc knight
  6404 | Bailey   | Noticed an orc knight
  6409 | Bailey   | Killed an orc knight
  6416 | Bailey   | Reached skill level 5 in Spellcasting
  6417 | Bailey   | Killed an orc knight
  6427 | Bailey   | Noticed an orc knight
  6428 | Bailey   | Noticed an orc knight
  6431 | Bailey   | Killed an orc knight
  6455 | Bailey   | Killed an orc knight
  6567 | Bailey   | Got a pitted shield
  6581 | Bailey   | Identified the cursed -8 shield of the Gardener {+Fly rCorr Dex+3} (You found it in a bailey)
  6777 | D:12     | Noticed a cyclops
  6791 | D:12     | Killed a cyclops
  6791 | D:12     | Reached skill level 5 in Fire Magic
  6791 | D:12     | Reached XP level 12. HP: 65/71 MP: 20/20
  6929 | D:12     | Noticed a two-headed ogre
  6962 | D:12     | Killed a two-headed ogre
  6962 | D:12     | Reached skill level 5 in Conjurations
  7039 | D:13     | Noticed a two-headed ogre
  7040 | D:13     | Found Yskahoz's Food Shop.
  7057 | D:12     | Killed a two-headed ogre
  7164 | D:13     | Noticed a two-headed ogre
  7328 | D:13     | Found Caneluoss's Armour Shoppe.
  7345 | D:13     | Noticed a centaur warrior
  7354 | D:13     | Killed a centaur warrior
  7354 | D:13     | Reached skill level 12 in Long Blades
  7603 | D:13     | Found Zuesuesoy's Armour Boutique.
  7626 | D:13     | Bought a +1 buckler of poison resistance for 216 gold pieces
  7859 | D:13     | Found Nopp's Magic Scroll Shoppe.
  7895 | D:13     | Reached skill level 1 in Shields
  7968 | D:13     | Noticed a six-headed hydra
  7983 | D:13     | Killed a four-headed hydra
  8132 | D:13     | Bought a scroll of magic mapping for 56 gold pieces
  8132 | D:13     | Bought a scroll of identify for 32 gold pieces
  8132 | D:13     | Bought a scroll of teleportation for 48 gold pieces
  8132 | D:13     | Bought a scroll of identify for 32 gold pieces
  8132 | D:13     | Bought a scroll of magic mapping for 56 gold pieces
  8132 | D:13     | Bought a scroll of identify for 32 gold pieces
  8132 | D:13     | Bought a scroll of fear for 56 gold pieces
  8212 | D:14     | Found a gate to the Vaults.
  8212 | D:14     | Noticed a centaur warrior
  8212 | D:14     | Noticed a centaur warrior
  8212 | D:14     | Noticed Urug
  8212 | D:14     | Noticed a two-headed ogre
  8582 | D:13     | Killed a two-headed ogre
  8659 | D:14     | Noticed a centaur warrior
  8729 | D:12     | Noticed an eight-headed hydra
  8763 | D:12     | Thaneod: red everywhere
  8835 | D:12     | Reached XP level 13. HP: 72/74 MP: 23/23
  8858 | D:12     | Noticed Josephine
  8879 | D:12     | Killed Josephine
  9055 | D:12     | Found a staircase to the Orcish Mines.
  9267 | D:6      | Bought a wand of digging (7/24) for 308 gold pieces
  9466 | D:7      | Noticed Duvessa
  9468 | D:7      | Noticed Dowan
  9475 | D:7      | Killed Duvessa
  9478 | D:7      | Killed Dowan
  9725 | Orc:1    | Entered Level 1 of the Orcish Mines
  9837 | Orc:1    | Noticed an ettin
  9855 | Orc:1    | Killed an ettin
  9929 | Orc:1    | Noticed an ettin
  9943 | Orc:1    | Killed an ettin
 10105 | Orc:2    | Entered Level 2 of the Orcish Mines
 10509 | Orc:2    | Reached skill level 13 in Long Blades
 10584 | Orc:2    | Found Siobec's Antique Armour Emporium.
 10816 | Orc:2    | Found Vako Oggodu's Gadget Emporium.
 10816 | Orc:2    | Found Ojeenwan's Assorted Antiques.
 10816 | Orc:2    | Found Witsy's Jewellery Boutique.
 10818 | Orc:2    | Found Fapso's Magic Scroll Shoppe.
 10826 | Orc:2    | Bought a scroll of teleportation for 84 gold pieces
 10826 | Orc:2    | Bought a scroll of enchant weapon for 210 gold pieces
 10826 | Orc:2    | Bought a scroll of enchant weapon for 210 gold pieces
 10829 | Orc:2    | Bought a scroll of teleportation for 48 gold pieces
 10829 | Orc:2    | Bought 3 scrolls of magic mapping for 168 gold pieces
 10829 | Orc:2    | Bought a scroll of teleportation for 48 gold pieces
 10829 | Orc:2    | Bought a scroll of enchant weapon for 120 gold pieces
 10829 | Orc:2    | Bought a scroll of teleportation for 48 gold pieces
 10829 | Orc:2    | Bought a scroll of teleportation for 48 gold pieces
 10829 | Orc:2    | Bought a scroll of identify for 32 gold pieces
 10829 | Orc:2    | Bought a scroll of identify for 32 gold pieces
 10829 | Orc:2    | Bought a scroll of identify for 32 gold pieces
 10909 | Orc:2    | HP: 1/74 [centaur/arrow (12)]
 10909 | Orc:2    | Killed from afar by an orc wizard

Vault maps used:
D:1:      kennysheep_arrival_forest
D:2:      chequers_ecumenical_altar_twisty, uniq_sigmund
D:3:      cheibrodos_fertilizer, uniq_jessica
D:4:      okawaru_altar_gauntlet_db, gammafunk_temple_overflow_pools,
          minmay_misc_feat_plants
D:5:      zin_treasury, overflow_temple_1_default, first_bread
D:6:      serial_shops, kennysheep_mini_moat, sword_in_stone, uniq_eustachio
D:7:      temple_pool_b, uniq_duvessa, uniq_pikel, uniq_menkaure
D:8:      minitemple, serial_corexii_hall, corexii_hall_statues_t,
          corexii_hall_statues_l, nicolae_straight_to_the_point
D:9:      minmay_lair_entry_lava, serial_shops, shop, dk_noncrumbling_3,
          hangedman_fish_farm, kennysheep_generic_room_5, uniq_erolcha,
          uniq_grum
D:10:     kennysheep_orc_sif_temple
D:11:     enter_bailey_8, grunt_ministairs_4, uniq_harold
D:12:     orc_0_dummy, uniq_josephine
D:13:     serial_shops, shop, shop, nicolae_shop_statue_plus, shop,
          nrook_pool_corridor, serial_bayou_lake_a
D:14:     david_vaults_3, minmay_misc_feat_tiny, abandoned_shop
Orc:1:    nicolae_orc_damp_corner
Orc:2:    st_orc_rangers, basic_altar, serial_shops, shop
Bailey:   bailey_polearm_4, bailey

Skill      XL: |  1  2  3  4  5  6  7  8  9 10 11 12 13 |
---------------+----------------------------------------+-----
Short Blades   | 2 3 4 5 |  5.1
Fighting       | 2 4 5 6 |  6.2
Dodging        | 4 5 6 7 |  7.0
Invocations    | 4 |  4.3
Evocations     | 2 |  2.1
Hexes          | 4 |  4.0
Long Blades    | 1 8 10 11 12 13 | 13.0
Spellcasting   | 3 5 7 8 |  8.0
Conjurations   | 2 4 6 8 |  8.0
Fire Magic     | 2 5 7 8 |  8.4
Shields        | 2 4 |  4.0
Stealth        | |  4.0

Action                   |  1- 3 |  4- 6 |  7- 9 | 10-12 | 13-15 || total
-------------------------+-------+-------+-------+-------+-------++-------
Melee: Dagger            |    17 |   155 |   170 |   308 |     1 ||   651
       Constrict         |     3 |    23 |    27 |    58 |    42 ||   153
       Tentacles         |       |    18 |    32 |    91 |    38 ||   179
       Kick              |       |       |       |   135 |    61 ||   196
       Scimitar          |       |       |       |    93 |   226 ||   319
Throw: Tomahawk          |       |       |       |     1 |       ||     1
 Cast: Ensorcelled Hiber |     1 |    19 |    20 |     6 |       ||    46
       Confuse           |       |     1 |    11 |    27 |       ||    39
       Animate Skeleton  |       |       |     1 |       |       ||     1
Invok: Recall Ancestor   |       |       |     2 |     4 |       ||     6
       Ancestor Life: Kn |       |       |     1 |       |       ||     1
       Idealise          |       |       |       |     8 |     2 ||    10
       Ancestor Identity |       |       |       |     1 |       ||     1
Evoke: Wand              |       |     1 |     4 |    14 |     8 ||    27
  Use: Scroll            |       |     7 |     4 |    16 |     8 ||    35
       Potion            |       |     5 |     2 |     5 |    11 ||    23
 Stab: Sleeping          |     5 |    25 |    24 |    10 |     1 ||    65
       Distracted        |     1 |     2 |     2 |     4 |     3 ||    12
       Confused          |       |       |     6 |    12 |     1 ||    19
  Eat: Chunk             |       |     6 |     9 |    14 |     2 ||    31
       Royal jelly       |       |       |     3 |     2 |     1 ||     6
       Fruit             |       |       |     2 |     3 |     2 ||     7
       Bread ration      |       |       |       |     1 |     1 ||     2
Armor: Skin              |     2 |    20 |     2 |    21 |    42 ||    87
Dodge: Dodged            |    10 |    79 |    61 |   150 |    76 ||   376
Block: Other             |       |       |       |    39 |       ||    39
       Reflection        |       |       |       |     8 |    11 ||    19
       Buckler           |       |       |       |    25 |    97 ||   122
       Rpst.: Scimitar   |       |       |       |    12 |    14 ||    26

Table legend:
 A = Spawn XP
 B = Non-spawn XP
 C = Spawn XP percentage of total XP
 D = Spawn monster count
 E = Non-spawn monster count
 F = Spawn count percentage of total count
 G = Total turns spent on level
                    A         B        C        D         E        F      G
               +---------+---------+-------+---------+---------+-------+---------
         Total |       0 |   47608 |   0.0 |       0 |     418 |   0.0 | 10909
               +---------+---------+-------+---------+---------+-------+---------
           D:1 |       0 |      32 |   0.0 |       0 |      18 |   0.0 |   397
           D:2 |       0 |     105 |   0.0 |       0 |      15 |   0.0 |   425
           D:3 |       0 |     471 |   0.0 |       0 |      48 |   0.0 |   709
           D:4 |       0 |     362 |   0.0 |       0 |      18 |   0.0 |   955
           D:5 |       0 |     471 |   0.0 |       0 |      14 |   0.0 |   488
           D:6 |       0 |    1442 |   0.0 |       0 |      28 |   0.0 |   852
           D:7 |       0 |    1391 |   0.0 |       0 |      15 |   0.0 |   706
           D:8 |       0 |     907 |   0.0 |       0 |      11 |   0.0 |   594
           D:9 |       0 |    2347 |   0.0 |       0 |      16 |   0.0 |   643
          D:10 |       0 |     946 |   0.0 |       0 |      15 |   0.0 |   684
          D:11 |       0 |    6101 |   0.0 |       0 |      41 |   0.0 |   652
          D:12 |       0 |    7716 |   0.0 |       0 |      32 |   0.0 |   805
          D:13 |       0 |    9968 |   0.0 |       0 |      54 |   0.0 |  1564
          D:14 |       0 |     621 |   0.0 |       0 |       1 |   0.0 |    35
         Orc:1 |       0 |    5777 |   0.0 |       0 |      39 |   0.0 |   790
         Orc:2 |       0 |    5657 |   0.0 |       0 |      37 |   0.0 |   394
        Bailey |       0 |    3294 |   0.0 |       0 |      16 |   0.0 |   216
               +---------+---------+-------+---------+---------+-------+---------
